 Dungeon Crawl Stone Soup version 0.29-a0-416-g83a48905f1 (webtiles) character file.

Game seed: 8492001029523715449

161 Zwerchau the Insei (level 5, -3/42 HPs)
             Began as a Draconian Transmuter on May 16, 2022.
             Slain by jlumianski's ghost (8 damage)
             ... on level 3 of the Dungeon.
             The game lasted 00:32:48 (3473 turns).

Zwerchau the Insei (Draconian Transmuter)           Turns: 3473, Time: 00:32:49

Health: -3/42      AC:  5    Str: 13    XL:     5   Next: 18%
Magic:  7/8        EV: 12    Int: 13    God:
Gold:   119        SH:  0    Dex: 13    Spells: 6/9 levels left

rFire   + + .      SeeInvis .   c - +4 flail
rCold   x . .      Faith    .   (no shield)
rNeg    . . .      Spirit   .   (body armour unavailable)
rPois   .          Reflect  .   (helmet currently unavailable)
rElec   .          Harm     .   (no cloak)
rCorr   .          Rampage  .   (no gloves)
Will    .....                   (boots currently unavailable)
Stlth   +.........              (no amulet)
HPRegen 0.14/turn               k - ring of protection from fire
MPRegen 0.11/turn               o - ring of fire

@: mighty, lethally poisoned (-3 -> -4), appendages (expiring)
A: horns 2, talons 2, AC +5, unfitting armour, cold-blooded
a: End Transformation


You were on level 3 of the Dungeon.
You had temporarily grown beastly horns and talons.
You visited 1 branch of the dungeon, and saw 3 of its levels.

You collected 119 gold pieces.

Inventory:

Hand Weapons
 c - a +4 flail (weapon)
 j - a +0 hand axe
 m - a +2 dagger of draining
Missiles
 h - 2 javelins (quivered)
Armour
 n - the +18 Lear's hauberk
   (You found it on level 2 of the Dungeon)
Jewellery
 k - a ring of protection from fire (left hand)
 o - a ring of fire (right hand)
 t - a ring of fire
Scrolls
 b - a scroll of amnesia
 d - a scroll of vulnerability {unknown}
 e - 2 scrolls of teleportation
 f - a scroll of noise {unknown}
 g - a scroll of enchant armour {unknown}
 l - a scroll of magic mapping {unknown}
 q - a scroll of summoning {unknown}
 s - a scroll of fog {unknown}
Potions
 a - a potion of lignification
 i - 2 potions of haste
 p - a potion of brilliance


   Skills:
 * Level 2.5 Fighting
 * Level 1.3 Throwing
 * Level 2.6 Dodging
 * Level 3.6 Unarmed Combat
 + Level 2.5 Spellcasting
 * Level 2.7 Transmutations


You had 6 spell levels left.
You knew the following spells:

 Your Spells              Type           Power      Damage    Failure   Level
a - Beastly Appendage     Tmut           16%        N/A       8%          1
b - Wereblood             Tmut           8%         N/A       12%         2

Your spell library contained the following spells:

 Spells                   Type           Power      Damage    Failure   Level
 Spider Form              Tmut/Pois      5%         N/A       38%         3
 Ice Form                 Ice/Tmut       5%         N/A       80%         4
 Summon Lightning Spire   Summ/Air       1%         N/A       94%         4
 Storm Form               Tmut/Air       2%         N/A       100%        7
 Maxwell's Capacitive Co  Air            0%         ∞         100%        8


Dungeon Overview and Level Annotations

Branches:
Dungeon (3/15)

Altars:
Nemelex Xobeh

Annotations:
D:3 jlumianski's ghost, weakling DsFi


Innate Abilities, Weirdness & Mutations

You have temporarily grown beastly horns and talons.
Your plain brown scales are hard. (AC +5)
You cannot fit into any form of body armour.
You are cold-blooded and may be slowed by cold attacks.


Message History

You hit jlumianski's ghost.
Your headbutt misses jlumianski's ghost.
Jlumianski's ghost is lightly damaged.
Jlumianski's ghost hits you. The kobold attacks as you move away!
The kobold hits you but does no damage.
You hit the kobold.
You kill the kobold!
Jlumianski's ghost hits you but does no damage.
Jlumianski's ghost hits you!
You miss the adder. Your kick misses the adder. You headbutt the adder!
Your tail-slap misses the adder.
The adder is severely wounded.
The adder bites you but does no damage. The adder bites you.
You are poisoned.
The adder poisons you! Jlumianski's ghost barely misses you.
You hit the adder.
You kill the adder!
Your transformation is almost over.
You feel sick.
Jlumianski's ghost hits you but does no damage.
You closely miss jlumianski's ghost.
You claw jlumianski's ghost, but do no damage.
You tail-slap jlumianski's ghost, but do no damage.
Jlumianski's ghost is lightly damaged.
You feel sick. Jlumianski's ghost hits you. x2
You feel very mighty all of a sudden.
You feel sick.
Jlumianski's ghost hits you but does no damage.
The orc misses you.
You barely miss jlumianski's ghost. You claw jlumianski's ghost!
Jlumianski's ghost is heavily damaged.
You feel sick.
Jlumianski's ghost completely misses you.
The orc hits you with a +0 hand axe.
* * * LOW HITPOINT WARNING * * *
The orc attacks as you move away! The orc hits you with a +0 hand axe.
* * * LOW HITPOINT WARNING * * *
Jlumianski's ghost attacks as you move away!
Jlumianski's ghost hits you!
You die...

#..#.......#...########.#.##
#..#.......#...# #.....##
#..#..#.#..#...# #..#....
#..#.#...#.#...# ##.###...
#..#..#.#..#...#####.## ##.#
#### #..#.......#........##
##.
...###..#.......#..######.##
##.# .....#..###'''###..#
##.###..#
...#.#........†o@..#
#†.#...#
##...#.........W...#
##...###
..).###..###.....### #...#
†...###.## ###...# #...#
##......# ###.# #...#
....##### #.# #...#
###.######## #.# #...#
#.##.....#####.#
########...###
###.##........##.#
#.............


You could see jlumianski's ghost and an orc.

Vanquished Creatures
  3 adders (D:3)
  4 gnolls (D:3)
  A white imp (D:3)
  A worm (D:3)
  2 dart slugs (D:2)
  An orc (D:3)
  3 ball pythons
  11 endoplasms
  6 giant cockroaches
  6 goblins
  10 hobgoblins
  5 jackals
  10 kobolds
  5 bats
  6 frilled lizards
  6 rats
80 creatures vanquished.

Notes
Turn   | Place    | Note
-------+----------+-------------------------------------------
     0 | D:1      | Zwerchau the Draconian Transmuter began the quest for the
                  | Orb.
     0 | D:1      | Reached XP level 1. HP: 16/16 MP: 3/3
   244 | D:1      | Reached XP level 2. HP: 18/23 MP: 5/5
   450 | D:1      | Learned a level 2 spell: Wereblood
   591 | D:1      | Reached XP level 3. HP: 25/28 MP: 3/6
   862 | D:1      | Found a faded altar of an unknown god.
  1408 | D:2      | Found the +18 Lear's hauberk
  2075 | D:3      | Found a runed translucent gate.
  2075 | D:3      | Found a runed translucent gate.
  2075 | D:3      | Found a runed translucent gate.
  2075 | D:3      | Noticed jlumianski's ghost (weakling DsFi)
  2347 | D:3      | Reached XP level 4. HP: 24/36 MP: 4/7
  2351 | D:3      | Reached skill level 1 in Throwing
  2699 | D:3      | Found a sparkling altar of Nemelex Xobeh.
  2996 | D:3      | Reached XP level 5. HP: 28/42 MP: 5/8
  3473 | D:3      | Slain by jlumianski's ghost

Illustrated notes

Levels and vault maps discovered:
D:1:      giann_wishing_wells, layout_rooms, dreamdust_ecumenical_altar_statues,
          serial_bayou_pond_e, chequers_hall_statues_corner_a,
          minmay_pentomino_t4
D:2:      layout_basic, minmay_misc_feat_tiny
D:3:      layout_loops_cross, lemuel_tele_altar, gammafunk_ghost_split

Skill      XL: |  1  2  3  4 |
---------------+-------------+-----
Dodging        | 2 |  2.6
Fighting       | 2 |  2.5
Throwing       | 1 |  1.3
Unarmed Combat | |  3.6
Spellcasting   | |  2.5
Transmutations | |  2.7

Action                   |  1- 3 |  4- 6 || total
-------------------------+-------+-------++-------
Melee: Unarmed           |    73 |       ||    73
       Kick              |    32 |     7 ||    39
       Headbutt          |    10 |     8 ||    18
       Tailslap          |    12 |     3 ||    15
       Dagger            |    30 |    10 ||    40
       Hand axe          |    18 |       ||    18
       Flail             |       |    38 ||    38
Throw: Javelin           |     8 |     7 ||    15
 Cast: Beastly Appendage |    28 |    15 ||    43
       Wereblood         |     9 |     9 ||    18
  Use: Scroll            |     2 |     7 ||     9
       Potion            |       |     2 ||     2
 Stab: Sleeping          |     1 |       ||     1
Armor: Skin              |    42 |    17 ||    59
Dodge: Dodged            |    63 |    26 ||    89

Table legend: (Time is in decaauts)
 A = Elapsed time spent in this place.
 B = Non-inter-level travel time spent in this place.
 C = Inter-level travel time spent in this place.
 D = Time resting spent in this place.
 E = Time spent auto-exploring this place.
 F = Levels seen in this place.
 G = Mean time per level.
                   A        B        C        D        E       F      G
               +--------+--------+--------+--------+--------+-----+--------+
         Total |   3498 |   3498 |      0 |    968 |    299 |   3 | 1166.0 |
       Dungeon |   3498 |   3498 |      0 |    968 |    299 |   3 | 1166.0 |
               +--------+--------+--------+--------+--------+-----+--------+

Top non-repeatable levels by time:
     D:3: 1422 daAuts
     D:2: 1064 daAuts
     D:1: 1011 daAuts
